 Dungeon Crawl Stone Soup version 0.31-a0-1074-g0b22e4e0f1 (webtiles) character file.

Game seed: 984020846034947245

55226 octoduck the Destroyer (level 14, -6/122 HPs)
             Began as a Green Draconian Air Elementalist on Nov 26, 2023.
             Was a High Priest of Makhleb.
             Mangled by an Executioner (14 damage)
             ... summoned by the player character
             ... on level 12 of the Dungeon on Nov 28, 2023.
             The game lasted 02:33:18 (39592 turns).

octoduck the Destroyer (DrAE)                      Turns: 39592, Time: 02:33:19

Health: -6/122     AC: 17    Str: 20    XL:     14   Next: 37%
Magic:  11/24      EV: 14    Int: 20    God:    Makhleb [*****.]
Gold:   251        SH:  4    Dex: 12    Spells: 5/27 levels left

rFire   . . .        Q - +5 demon whip (protect)
rCold   . . .        i - +0 buckler
rNeg    . . .        (body armour unavailable)
rPois   +            (helmet restricted)
rElec   .            q - scarf {repulsion}
rCorr   .            N - +1 pair of gloves {Str+3}
SInv    .            K - +2 pair of boots
Will    +....        v - amulet of the acrobat
Stlth   ++           J - +4 ring of protection
HPRegen 0.40/turn    E - +6 ring of strength
MPRegen 0.19/turn

%: repel missiles, acrobat
@: swift, about to teleport, studying Conjurations, invisible, quick
A: breathe noxious fumes, AC +8, unfitting armour, stinger 1, poison resistance,
cold-blooded
a: Breathe Noxious Fumes, Renounce Religion, Minor Destruction, Lesser Servant
of Makhleb, Major Destruction, Greater Servant of Makhleb


You were on level 12 of the Dungeon.
You worshipped Makhleb.
Makhleb was extremely pleased with you.
You visited 4 branches of the dungeon, and saw 19 of its levels.
You also visited: Volcano.

You collected 1613 gold pieces.
You spent 1362 gold pieces at shops.

Inventory:

Hand Weapons
 d - a +0 short sword
 I - a +3 scimitar of flaming
 O - a +0 great mace of flaming
 Q - a +5 demon whip of protection (weapon)
Missiles
 c - 56 poisoned darts
 w - 8 boomerangs
 B - 5 curare-tipped darts
 X - 2 datura-tipped darts
Armour
 i - a +0 buckler (worn)
 q - a scarf of repulsion (worn)
 K - a +2 pair of boots (worn)
 N - a +1 pair of gloves of strength (worn)
Jewellery
 m - a +6 ring of dexterity
 v - an amulet of the acrobat (around neck)
 E - a +6 ring of strength (right hand)
 H - a ring of fire
 J - a +4 ring of protection (left hand)
 M - a ring of see invisible
 U - a ring of resist corrosion
 W - a ring of ice
Wands
 h - a wand of flame (21)
 x - a wand of digging (3)
 y - a wand of light (6)
 A - a wand of paralysis (12)
 C - a wand of iceblast (15)
Scrolls
 e - a scroll of amnesia
 f - 2 scrolls of poison
 j - 2 scrolls of blinking
 l - 4 scrolls of fog
 s - 2 scrolls of immolation
 t - 2 scrolls of enchant armour
 u - 2 scrolls of vulnerability
 D - a scroll of enchant weapon
 L - 3 scrolls of identify
 R - a scroll of fear
 T - a scroll of brand weapon
 Y - a scroll of noise {unknown}
Potions
 a - 2 potions of magic
 g - 3 potions of lignification
 n - 6 potions of curing
 o - a potion of mutation
 p - a potion of berserk rage
 r - a potion of enlightenment
 z - 3 potions of attraction
 F - 2 potions of might
 S - a potion of cancellation
 V - a potion of brilliance {unknown}
Miscellaneous
 b - a condenser vane
 G - a lightning rod (3/4)


   Skills:
 - Level 10.4 Fighting
 - Level 8.5 Maces & Flails
 + Level 6.9 Dodging
 - Level 1.7 Stealth
 - Level 3.7 Shields
 - Level 7.1 Spellcasting
 + Level 14.7 Conjurations
 - Level 5.0 Necromancy
 + Level 0.0 Transmutations
 - Level 7.7 Ice Magic
 - Level 11.1 Air Magic
 - Level 8.1 Invocations


You had 5 spell levels left.
You knew the following spells:

 Your Spells              Type           Power      Damage    Failure   Level
a - Shock                 Conj/Air       100%       1d9       1%          1
b - Static Discharge      Conj/Air       100%       3-8/arc   1%          2
c - Swiftness             Air            51%        N/A       1%          3
d - Airstrike             Air            25%        2d(4-20)  1%          4
e - Freezing Cloud        Conj/Ice/Air   25%        6-21      3%          5
f - Sublimation of Blood  Necr           27%        N/A       2%          2
g - Irradiate             Conj/Tmut      18%        3d17      16%         5

Your spell library contained the following spells:

 Spells                   Type           Power      Damage    Failure   Level
 Cigotuvi's Dreadful Rot  Necr/Pois/Air  56%        N/A       1%          2
 Hailstorm                Conj/Ice       51%        3d11      1%          3
 Sticky Flame             Conj/Fire      36%        2d6       5%          4
 Lesser Beckoning         Tloc           14%        N/A       17%         2
 Summon Ice Beast         Ice/Summ       22%        N/A       24%         4
 Gell's Gravitas          Tloc           7%         N/A       34%         3
 Ignite Poison            Fire/Tmut/Pois 7%         N/A       34%         3
 Teleport Other           Tloc           7%         N/A       34%         3
 Petrify                  Tmut/Erth      7%         N/A       75%         4
 Simulacrum               Ice/Necr       16%        N/A       77%         6
 Ignition                 Fire           3%         3d4       100%        8


Dungeon Overview and Level Annotations

Branches:
Dungeon (13/15)            Temple (1/1) D:4            Lair (3/5) D:9
  Swamp (0/4) Lair:2        Snake (0/4) Lair:3          Orc (2/2) D:11
    Elf (0/3) Orc:2       Volcano (visited)
 Vaults: D:13-14

Altars:
Ashenzari
Cheibriados
Dithmenos
Elyvilon
Fedhas
Gozag
Hepliaklqana
Kikubaaqudgha
Makhleb
Nemelex Xobeh
Okawaru
Qazlal
Ru
Sif Muna
Trog
Uskayaw
Vehumet
Wu Jian
Xom
Yredelemnul
Zin
The Shining One

Shops:
D:5 ((*   D:8 **   D:11 (   D:13 [:(   Orc:2 (*[*(

Portals:
Trove: D:11 (give 3 scrolls of blinking)

Annotations:
D:8 exclusion: ice statue


Innate Abilities, Weirdness & Mutations

You can breathe blasts of noxious fumes.
Your lurid green scales are hard. (AC +8)
You cannot fit into any form of body armour.
Your tail ends in a venomous barb.
Your system is resistant to poisons. (rPois)
You are cold-blooded and may be slowed by cold attacks.


Message History

The bolt of negative energy hits the skeletal warrior.
The skeletal warrior completely resists.
The skeletal warrior is heavily damaged.
A demon appears!
It doesn't seem very happy.
The skeletal warrior hits you with a +0 dire flail!
Okay, then.
Casting: Airstrike (mildly dangerous; 1% risk of failure)
Confirm with . or Enter, or press ? or * to list all spells.
You feel quick.
The Executioner hits you but does no damage. x2
The Executioner closely misses you.
The skeletal warrior hits you with a +0 dire flail!
The Executioner gestures.
The Executioner seems to speed up.
As you read the scroll of teleportation, it crumbles to dust.
You feel strangely unstable. The Executioner hits you.
The Executioner misses you. The Executioner hits you. x2
The Executioner hits you but does no damage. x2
The skeletal warrior hits you with a +0 dire flail!!
The Executioner hits you.
The Executioner hits you but does no damage. x2
The Executioner completely misses you. The Executioner barely misses you. x2
The Executioner attacks as it pursues you!
The Executioner completely misses you.
The Executioner hits you but does no damage.
The Executioner completely misses you. The Executioner hits you!
* * * LOW HITPOINT WARNING * * *
The Executioner hits you but does no damage.
The Executioner closely misses you.
You fade into invisibility!
The Executioner hits you!
* * * LOW HITPOINT WARNING * * *
The Executioner hits you.
* * * LOW HITPOINT WARNING * * *
The Executioner hits you but does no damage.
The Executioner closely misses you. You block the Executioner's attack.
The Executioner hits you but does no damage.
The Executioner hits you!
You die...

####..###.##### ##..#
#.......###...### ##.#
#.............'.########+#####
#.............#.##.........>.#
#.............#.##...........#
#.............#.##...........#
#.............#.##...........#
#.............#.##........[).#
#.............#@##...........#
#.............#.1#.........).#
#######'########.z...........#
#.# ###...........# #.##
############# #..# ##.# #.##
#..#


You could see an Executioner (summoned, fast) and a skeletal warrior (unable to
see you).

Vanquished Creatures
  An orc warlord (Orc:2)
  Nessos (D:13)
  2 ettins
  A centaur warrior (D:13)
  A hydra (Lair:3)
  Erica (D:10)
  4 boulder beetles
  5 two-headed ogres
  An orc high priest (Orc:2)
  A hell knight (Volcano)
  A bog body (Lair:2)
  A lindwurm (Lair:2)
  An orc knight (Orc:1)
  6 ugly things
  A deep elf pyromancer (D:13)
  12 orc sorcerers
  A salamander (Lair:3)
  2 cyclopes
  3 manticores
  3 black mambas
  A gargoyle (D:12)
  A smoke demon (Volcano)
  2 molten gargoyles (Volcano)
  8 cane toads
  A rime drake (Lair:1)
  A kobold demonologist (D:11)
  An efreet (D:13)
  2 unseen horrors (D:13)
  14 komodo dragons
  8 trolls
  Prince Ribbit (D:9)
  A hornet (D:9)
  Grinder (Temple)
  18 blink frogs
  Sigmund (D:4)
  2 water elementals (D:11)
  4 wyverns
  Eustachio (D:4)
  A wraith (D:12)
  29 yaks
  4 fire bats (Volcano)
  7 basilisks
  A human (D:13)
  11 wargs
  2 nagas (Lair:3)
  10 water moccasins
  20 orc warriors
  5 ice beasts
  A sky beast (D:4)
  A black bear (D:9)
  3 ogres
  3 wolves
  9 centaurs
  3 kobold brigands
  2 phantoms (D:6)
  11 bullfrogs
  A gnoll sergeant (D:9)
  3 scorpions
  14 wights
  11 killer bees
  5 electric eels (D:11)
  2 hounds
  6 lava snakes (Volcano)
  14 orc priests
  Crazy Yiuf (D:7)
  A gnoll bouda (D:7)
  4 iguanas
  3 jellies (D:6)
  A sleepcap (D:7)
  35 orc wizards
  Robin (D:4)
  9 gnolls
  6 adders
  2 shadow imps
  2 ufetubi (D:6)
  2 worms
  4 dart slugs
  75 orcs
  2 ball pythons
  4 bats
  11 endoplasms
  4 giant cockroaches
  14 goblins
  14 hobgoblins
  2 jackals (D:1)
  5 quokkas
  4 frilled lizards
  25 kobolds
  7 rats
534 creatures vanquished.

Vanquished Creatures (others)
  An orc priest (D:10)
  A gnoll bouda (D:10)
  An orc wizard (D:10)
  4 gnolls (D:10)
  An orc (D:10)
8 creatures vanquished.

Grand Total: 542 creatures vanquished

Notes
Turn   | Place    | Note
-------+----------+-------------------------------------------
     0 | D:1      | octoduck the Draconian Air Elementalist began the quest for
                  | the Orb.
     0 | D:1      | Reached XP level 1. HP: 14/14 MP: 3/3
     5 | D:1      | You fall into a shaft and drop 1 floor!
   112 | D:1      | Found a faded altar of an unknown god.
   363 | D:1      | Reached XP level 2. HP: 18/20 MP: 3/5
   427 | D:1      | Learned a level 2 spell: Static Discharge
   637 | D:1      | Reached skill level 2 in Conjurations
  1100 | D:1      | Reached XP level 3. HP: 26/26 MP: 4/6
  1999 | D:3      | Reached XP level 4. HP: 33/33 MP: 4/7
  2313 | D:3      | Reached skill level 3 in Conjurations
  2599 | D:3      | Reached XP level 5. HP: 38/38 MP: 4/8
  3210 | D:4      | Noticed a sky beast
  3342 | D:4      | Found a staircase to the Ecumenical Temple.
  3345 | D:4      | Noticed Grinder
  3351 | Temple   | Entered the Ecumenical Temple
  3359 | Temple   | HP: 1/57 [Grinder (4)]
  3361 | Temple   | Killed Grinder
  3362 | Temple   | Reached skill level 4 in Conjurations
  3362 | Temple   | Reached skill level 5 in Air Magic
  3362 | Temple   | Reached XP level 6. HP: 2/45 MP: 1/9
  3538 | Temple   | Became a worshipper of Makhleb the Destroyer
  3824 | D:4      | Found a stormy altar of Qazlal.
  3827 | D:4      | Noticed Sigmund
  3843 | D:4      | Killed Sigmund
  3844 | D:4      | Reached skill level 5 in Conjurations
  3844 | D:4      | Your scales start taking on a lurid green colour.
  3844 | D:4      | Reached XP level 7. HP: 50/50 MP: 10/10
  3844 | D:4      | Gained mutation: Your system is resistant to poisons.
                  | (rPois) [Green Draconian growth]
  4011 | D:4      | Identified the +0 helmet "Ynlo" {Str+3}
  4011 | D:4      | Noticed Robin
  4020 | D:4      | Killed Robin
  4331 | D:5      | Entered Level 5 of the Dungeon
  4512 | D:5      | Found Samen's General Store.
  4518 | D:5      | Bought 2 potions of curing for 78 gold pieces
  4680 | D:4      | Reached * piety under Makhleb
  4916 | D:5      | Reached skill level 6 in Conjurations
  4930 | D:5      | Found Katzienu's Antique Weapon Shoppe.
  4988 | D:5      | Found Liar Adyci's Antique Weapon Boutique.
  5077 | D:5      | Learned a level 3 spell: Swiftness
  5560 | D:6      | Reached XP level 8. HP: 57/57 MP: 7/11
  5833 | D:6      | Reached skill level 1 in Fighting
  6607 | D:7      | Reached skill level 7 in Conjurations
  6696 | D:7      | Learned a level 4 spell: Airstrike
  6730 | D:7      | Reached skill level 8 in Conjurations
  6730 | D:7      | Reached ** piety under Makhleb
  6907 | D:5      | Bought a scroll of identify for 26 gold pieces
  7159 | D:6      | Reached skill level 9 in Conjurations
  7159 | D:6      | Reached XP level 9. HP: 31/70 MP: 2/12
  8097 | D:7      | Reached skill level 10 in Conjurations
  8232 | D:7      | Found a runed translucent door.
  8233 | D:7      | Noticed Crazy Yiuf
  8238 | D:7      | Killed Crazy Yiuf
  8572 | D:5      | Bought 2 potions of curing for 78 gold pieces
  9308 | D:8      | Reached skill level 5 in Fighting
  9308 | D:8      | Reached skill level 11 in Conjurations
  9524 | D:8      | Found Xieti's General Store.
  9526 | D:8      | Found Kicam's Specific Store.
  9530 | D:8      | Bought a scroll of identify for 24 gold pieces
  9530 | D:8      | Bought a scroll of identify for 24 gold pieces
  9665 | D:8      | Reached skill level 5 in Dodging
  9837 | D:8      | Noticed an ice statue
 10082 | D:9      | Reached skill level 12 in Conjurations
 10219 | D:9      | Reached XP level 10. HP: 72/83 MP: 4/13
 10456 | D:8      | Reached *** piety under Makhleb
 11057 | D:9      | Reached skill level 13 in Conjurations
 11216 | D:9      | Found a glowing silver altar of Zin.
 11216 | D:9      | Found a radiant altar of Vehumet.
 11217 | D:9      | Found a white marble altar of Elyvilon.
 11247 | D:9      | Noticed Prince Ribbit
 11265 | D:9      | Killed Prince Ribbit
 11562 | D:9      | Found a staircase to the Lair.
 11997 | D:10     | Entered Level 10 of the Dungeon
 12269 | D:4      | Noticed Eustachio
 12289 | D:4      | Killed Eustachio
 12851 | D:10     | Noticed Erica
 12851 | D:10     | Noticed a two-headed ogre
 12884 | Lair:1   | Entered Level 1 of the Lair of Beasts
 12922 | Lair:1   | Noticed a cane toad
 12930 | Lair:1   | Killed a cane toad
 13449 | Lair:1   | Noticed a cane toad
 13458 | Lair:1   | Killed a cane toad
 13459 | Lair:1   | Reached XP level 11. HP: 92/92 MP: 5/14
 13551 | Lair:1   | Reached **** piety under Makhleb
 13921 | D:9      | Reached skill level 10 in Air Magic
 15499 | D:9      | Learned a level 5 spell: Freezing Cloud
 15699 | Lair:1   | Reached skill level 1 in Ice Magic
 17520 | Lair:2   | Reached skill level 5 in Ice Magic
 17720 | Lair:2   | Noticed a bog body
 17720 | Lair:2   | Found a staircase to the Swamp.
 17920 | Lair:2   | Noticed a lindwurm
 17927 | Lair:2   | Killed a lindwurm
 18782 | Lair:1   | Reached XP level 12. HP: 92/100 MP: 6/18
 19289 | Lair:1   | Reached skill level 1 in Shields
 19555 | Lair:2   | Reached skill level 14 in Conjurations
 20388 | D:8      | Bought a scroll of fog for 48 gold pieces
 20388 | D:8      | Bought a potion of haste for 120 gold pieces
 20509 | Lair:3   | Noticed a six-headed hydra
 20798 | Lair:3   | Noticed a boulder beetle
 21032 | Lair:3   | Killed a six-headed hydra
 21190 | Lair:3   | Learned a level 2 spell: Sublimation of Blood
 21420 | Lair:3   | Reached skill level 1 in Invocations
 21621 | Lair:3   | Reached skill level 1 in Necromancy
 22039 | Lair:3   | Killed a boulder beetle
 22406 | Lair:3   | Found a radiant altar of Vehumet.
 23623 | Lair:3   | Found a staircase to the Snake Pit.
 24060 | D:10     | Killed Erica
 24061 | D:10     | Reached skill level 5 in Invocations
 24061 | D:10     | Killed a two-headed ogre
 25402 | D:11     | Found a portal to a secret trove of treasure.
 25530 | D:11     | Noticed a boulder beetle
 25773 | D:11     | Found a shimmering altar of Xom.
 25774 | D:11     | Found a shimmering altar of Xom.
 25775 | D:11     | Found a shimmering altar of Xom.
 25775 | D:11     | Found a shimmering altar of Xom.
 25776 | D:11     | Found a shimmering altar of Xom.
 25777 | D:11     | Found a shimmering altar of Xom.
 25778 | D:11     | Found a shimmering altar of Xom.
 25778 | D:11     | Found a shimmering altar of Xom.
 25830 | D:11     | Reached XP level 13. HP: 86/112 MP: 3/19
 26276 | D:11     | Found Niblew Limau's Weapon Shoppe.
 26276 | D:11     | Found a staircase to the Orcish Mines.
 26538 | D:11     | Reached ***** piety under Makhleb
 27343 | Orc:1    | Entered Level 1 of the Orcish Mines
 27487 | Orc:1    | Noticed an ettin
 27504 | Orc:1    | Killed an ettin
 27505 | Orc:1    | Reached skill level 10 in Fighting
 27760 | Orc:1    | Found a dark tunnel.
 27765 | Volcano  | Entered a volcano
 28361 | Volcano  | Found a burning altar of Makhleb.
 28646 | Volcano  | Reached skill level 5 in Necromancy
 28849 | Orc:1    | Noticed an ettin
 29211 | D:11     | Killed an ettin
 30300 | Orc:2    | Entered Level 2 of the Orcish Mines
 30300 | Orc:2    | Found a staircase to the Elven Halls.
 30531 | D:5      | Bought a runed demon whip for 468 gold pieces
 31218 | Orc:2    | Reached skill level 1 in Maces & Flails
 31423 | Orc:1    | Noticed an orc warlord
 32144 | Orc:2    | Reached skill level 5 in Spellcasting
 32800 | Orc:2    | Reached skill level 5 in Maces & Flails
 34192 | Orc:2    | Found Duzeokk's Antique Weapon Shoppe.
 34604 | Orc:2    | Killed an orc warlord
 35320 | Orc:2    | Found Naduch's Antique Weapon Boutique.
 35320 | Orc:2    | Found Plog's Assorted Antiques.
 35588 | Orc:2    | Bought a scroll of blinking for 255 gold pieces
 35630 | Orc:2    | Found Cesoavvaem's Armour Boutique.
 35630 | Orc:2    | Found Hammaumoeq's Assorted Antiques.
 35887 | D:5      | Bought a scroll of teleportation for 39 gold pieces
 36082 | Orc:2    | Bought a scarf of repulsion for 132 gold pieces
 36101 | Orc:2    | Bought a scroll labelled CATSI ANEX for 37 gold pieces
 36101 | Orc:2    | Bought an amethyst potion for 33 gold pieces
 36242 | D:12     | Reached ****** piety under Makhleb
 36389 | D:12     | Gained mutation: Your tail ends in a venomous barb. [Green
                  | Draconian growth]
 36389 | D:12     | Reached XP level 14. HP: 111/122 MP: 15/22
 36732 | D:12     | Found a broken altar of Ashenzari.
 37847 | D:13     | Found Cugiutid's Armour Emporium.
 37871 | D:13     | Found Firamusk's Weapon Emporium.
 38202 | D:13     | Noticed Nessos
 38253 | D:13     | Killed Nessos
 38918 | D:13     | Found Rablicen's Book Shoppe.
 38920 | D:13     | Found a blossoming altar of Fedhas.
 39042 | D:12     | Learned a level 5 spell: Irradiate
 39587 | D:12     | Noticed an Executioner
 39592 | D:12     | Mangled by an Executioner

Illustrated notes

Levels and vault maps discovered:
D:1:      minmay_arrival_five_plusses, layout_basic, basic_ecumenical_altar,
          minmay_small_reverse_x
D:2:      layout_rooms, st_stairs_14, minmay_crystal_water
D:3:      layout_loops_ring
D:4:      layout_gridville, nicolae_qazlal_beasts_of_the_sky,
          minmay_temple_entry_glass, kennysheep_small_square, uniq_eustachio,
          uniq_grinder, uniq_robin, uniq_sigmund
D:5:      layout_basic, serial_shops, nicolae_diamond_shop,
          nicolae_shop_tiny_statue_garden, nicolae_lakefront_shop
D:6:      layout_gridville, dk_vineyard_2, hangedman_abyss_or_decor_passed
D:7:      layout_cave_pools, nicolae_titane, uniq_crazy_yiuf_cottage
D:8:      lemuel_ice_statue, layout_cave_pools, nicolae_specific_store
D:9:      layout_rooms, gammafunk_temple_overflow_claw, minmay_lair_entry_grove,
          uniq_prince_ribbit1
D:10:     layout_roguey, lemuel_flamethrower_2, uniq_erica
D:11:     layout_basic, orc_david_3, enter_trove_1, serial_corexii_hall,
          corexii_hall_statues_l, corexii_hall_statues_x, xom_redecorated
D:12:     layout_roguey, nicolae_ashenzari_skybound
D:13:     layout_gridville, grunt_vaults_entry_tiered, serial_shops, shop,
          nicolae_shop_hallway_plus, shop, gauntlet_entry_generic,
          grunt_ministairs_15, fedhas_altar_2, uniq_nessos
Temple:   mainiacjoe_temple_coin_purse
Lair:1:   layout_regular_city, grunt_megastairs_5
Lair:2:   hellmonk_ruined_rings, layout_regular_city, skrybe_swamp_entry_bodies,
          grunt_forest_small_clearings
Lair:3:   layout_gridlike, alex1729_snake_entry_snake, lemuel_centaur_altar,
          grunt_megastairs_4, lemuel_fruit_fields, infiniplex_staircase_pool_2
Orc:1:    nicolae_orc_accident_2, layout_caves, enter_volcano_4,
          nicolae_orc_sculptors_studio
Orc:2:    st_orc_town, layout_diamond_mine, serial_shops, shop

Skill      XL: |  1  2  3  4  5  6  7  8  9 10 11 12 13 14 |
---------------+-------------------------------------------+-----
Conjurations   | 2 3 4 5 6 9 12 13 14 | 14.7
Air Magic      | 4 5 6 7 9 10 11 | 11.1
Fighting       | 3 5 7 9 10 | 10.4
Dodging        | 3 5 6 |  6.9
Spellcasting   | 4 5 7 |  7.1
Ice Magic      | 7 |  7.7
Shields        | 3 |  3.7
Invocations    | 5 8 |  8.1
Necromancy     | 3 5 |  5.0
Maces & Flails | 6 8 |  8.5
Stealth        | |  1.7

Action                     |  1- 3 |  4- 6 |  7- 9 | 10-12 | 13-15 || total
---------------------------+-------+-------+-------+-------+-------++-------
  Melee: Unarmed           |    10 |       |       |       |       ||    10
         Tailslap          |     2 |     6 |    20 |    31 |    59 ||   118
         Short sword       |    31 |    52 |   164 |   153 |    80 ||   480
         Demon whip        |       |       |       |       |   218 ||   218
  Throw: Dart              |       |       |     4 |    20 |     3 ||    27
   Cast: Shock             |    63 |    45 |   147 |    75 |    96 ||   426
         Static Discharge  |     3 |     7 |    67 |    97 |    44 ||   218
         Airstrike         |       |       |     3 |   123 |   125 ||   251
         Swiftness         |       |       |     2 |    15 |    14 ||    31
         Freezing Cloud    |       |       |       |    41 |    80 ||   121
         Sublimation of Bl |       |       |       |     5 |    11 ||    16
         Irradiate         |       |       |       |       |     1 ||     1
 Invoke: Major Destruction |       |       |       |       |     4 ||     4
         Greater Servant o |       |       |       |       |     1 ||     1
Ability: Breathe Noxious F |       |       |    11 |    10 |     5 ||    26
  Evoke: Wand              |       |     1 |     4 |     9 |    18 ||    32
         Lightning rod     |       |       |       |       |     6 ||     6
    Use: Scroll            |     4 |     1 |     7 |    11 |     7 ||    30
         Potion            |       |     3 |       |       |     8 ||    11
   Stab: Sleeping          |     2 |     1 |       |       |       ||     3
         Paralysed         |       |     7 |     7 |       |       ||    14
         Confused          |       |       |     4 |     1 |       ||     5
 Armour: Skin              |    36 |    55 |   289 |   432 |   391 ||  1203
  Dodge: Dodged            |    44 |    32 |   163 |   251 |   285 ||   775
         Repelled          |       |       |       |       |     4 ||     4
  Block: Buckler           |       |     9 |    45 |    67 |    97 ||   218

Table legend: (Time is in decaauts)
 A = Elapsed time spent in this place.
 B = Non-inter-level travel time spent in this place.
 C = Inter-level travel time spent in this place.
 D = Time resting spent in this place.
 E = Time spent auto-exploring this place.
 F = Levels seen in this place.
 G = Mean time per level.
                   A        B        C        D        E       F      G
               +--------+--------+--------+--------+--------+-----+--------+
         Total |  39656 |  35621 |   4035 |  18600 |   8355 |  20 | 1982.8 |
       Dungeon |  22605 |  19730 |   2875 |   9555 |   5460 |  13 | 1738.8 |
        Temple |    197 |    181 |     16 |    168 |      0 |   1 |  197.0 |
          Lair |   9064 |   8516 |    548 |   4926 |   1891 |   3 | 3021.3 |
  Orcish Mines |   6802 |   6207 |    595 |   3323 |    986 |   2 | 3401.0 |
       Volcano |    987 |    987 |      0 |    626 |     17 |   1 |  987.0 |
               +--------+--------+--------+--------+--------+-----+--------+

Top non-repeatable levels by time:
   Orc:2: 4049 daAuts
  Lair:1: 3616 daAuts
    D:11: 2974 daAuts
  Lair:2: 2835 daAuts
     D:8: 2765 daAuts
   Orc:1: 2753 daAuts
  Lair:3: 2612 daAuts
     D:9: 2525 daAuts
     D:6: 2302 daAuts
    D:12: 1904 daAuts
     D:3: 1602 daAuts
    D:10: 1482 daAuts
     D:7: 1430 daAuts
     D:4: 1401 daAuts
     D:1: 1372 daAuts
